 Dungeon Crawl Stone Soup version 0.22-a0-265-g0d8bc90 (webtiles) character file.

30321 RoseArtemis the Severer (level 13, -7/125 HPs)
             Began as a Minotaur Fighter on Mar 7, 2018.
             Was a High Priest of Trog.
             Mangled by Kirke (14 damage)
             ... on level 6 of the Lair of Beasts on Mar 8, 2018.
             The game lasted 00:40:30 (16980 turns).

RoseArtemis the Severer (Minotaur Fighter)         Turns: 16980, Time: 00:40:31

Health: -7/125     AC:  0    Str: 24    XL:     13   Next: 19%
Magic:  17/17      EV: 13    Int:  5    God:    Trog [*****.]
Gold:   1240       SH:  0    Dex: 12    Spells: 12/12 levels left

rFire    . . .     SeeInvis .   (weapon currently unavailable)
rCold    . . .     Gourm    .   (shield currently unavailable)
rNeg     . . .     Faith    .   (armour currently unavailable)
rPois    .         Spirit   .   (helmet currently unavailable)
rElec    .         Reflect  .   (cloak currently unavailable)
rCorr    .         Harm     .   (gloves currently unavailable)
MR       ++...                  (boots currently unavailable)
Stlth    +.........             (no amulet)
HPRegen  1.30/turn              (ring currently unavailable)
MPRegen  0.15/turn              (ring currently unavailable)

@: lethally poisoned (-7 -> -7), pig-form, regenerating, slowed
A: small, (retaliatory headbutt)
a: Berserk, Trog's Hand, Brothers in Arms, Renounce Religion


You were on level 6 of the Lair of Beasts.
You worshipped Trog.
Trog was extremely pleased with you.
You were near starving.
You were a filthy swine.
You visited 3 branches of the dungeon, and saw 18 of its levels.

You collected 1240 gold pieces.

Inventory:

Hand Weapons
 a - a +3 war axe (melded)
 b - a +0 whip of electrocution
 M - a +0 blowgun
Missiles
 u - 98 poisoned needles
 H - 4 poisoned tomahawks (quivered)
Armour
 c - a +0 shield (melded)
 i - a +0 pair of gloves (melded)
 z - a +1 pair of boots (melded)
 C - a +0 plate armour (melded)
 P - a +2 hat (melded)
Jewellery
 j - a +5 ring of slaying (melded)
 v - a ring of poison resistance (melded)
 y - an uncursed ring of see invisible
 L - the amulet of Apemedd {+Rage rC- MR+ Dex+2}
   (You found it on level 8 of the Dungeon)

   [amulet of rage]

   It affects your dexterity (+2).
   It makes you vulnerable to cold.
   It affects your resistance to hostile enchantments.
   It lets you go berserk.
 N - a +3 ring of strength
 T - an uncursed amulet of the gourmand
Wands
 t - a wand of scattershot (4)
 B - a wand of paralysis (11)
 D - a wand of acid (8)
 F - a wand of iceblast (13)
 K - a wand of digging (20)
 R - a wand of flame (60)
Scrolls
 g - 8 scrolls of teleportation
 h - a scroll of fog
 k - 2 scrolls of enchant armour
 s - a scroll of magic mapping {unknown}
 A - 7 scrolls of remove curse
 G - 3 scrolls of blinking
 J - a scroll of enchant weapon {unknown}
 O - 3 scrolls of fear
Potions
 d - 3 potions of might
 e - 3 potions of degeneration {unknown}
 l - 9 potions of curing
 m - 2 potions of cancellation
 n - 4 potions of lignification
 p - 2 potions of brilliance {unknown}
 r - 7 potions of heal wounds
 w - 2 potions of invisibility
 x - 2 potions of ambrosia {unknown}
 I - 2 potions of flight {unknown}
 Q - 3 potions of haste {unknown}
 S - a potion of agility {unknown}
 V - a potion of experience {unknown}
Comestibles
 f - 27 rations


   Skills:
 + Level 14.3 Fighting
 - Level 16.0(16.1) Axes
 + Level 3.4(11.3) Maces & Flails
 + Level 11.3 Armour
 - Level 6.0 Shields
 + Level 7.4 Evocations


You had 12 spell levels left.
You didn't know any spells.

Dungeon Overview and Level Annotations

Branches:
Dungeon (11/15)            Temple (1/1) D:5            Lair (6/6) D:11
 Shoals (0/4) Lair:2        Snake (0/4) Lair:2        Slime (0/5) Lair:5
    Orc (0/2) D:9

Altars:
Ashenzari
Cheibriados
Dithmenos
Elyvilon
Fedhas
Gozag
Hepliaklqana
Kikubaaqudgha
Makhleb
Nemelex Xobeh
Okawaru
Qazlal
Ru
Sif Muna
Trog
Uskayaw
Vehumet
Wu Jian
Xom
Yredelemnul
Zin
The Shining One
Jiyva

Annotations:
D:3 exclusion: downstairs
Lair:6 Kirke


Innate Abilities, Weirdness & Mutations

((You reflexively headbutt those who attack you in melee.))
((You have a pair of horns on your head.))


Message History

Your +0 pair of gloves melds into your body.
Your +1 pair of boots melds into your body.
Your +0 shield melds into your body.
Your +0 plate armour melds into your body.
Your +5 ring of slaying melds into your body.
Your ring of poison resistance melds into your body.
You hit something. Something hits you! The spiny frog stings you!
You are poisoned.
The spiny frog poisons you! Something hits you.
You hit the spiny frog but do no damage.
You feel sick. The spiny frog closely misses you. Something hits you.
You barely miss the spiny frog.
You feel sick. The spiny frog stings you!! Something hits you!
* * * LOW HITPOINT WARNING * * *
The spiny frog stings you!!
* * * LOW HITPOINT WARNING * * *
Your skin crawls.
You feel resistant to hostile enchantments.
You feel somewhat more hungry.
You feel sick. Something hits you!
You die...

#..... P# ......
.# .P..F .###
#..P ...# .. #.F.
##..#
...##P.P####...#
≈...FP.P##.#...##
.....P.†...†h...#
≈........##F†.###
.....P.P.##.###
.....P.P.####
....PP.P.#
.....P.P.#
.....P.P## ....
..#


You could see a spiny frog.

Vanquished Creatures
  A hydra (Lair:1)
  4 two-headed ogres
  Sonja (Lair:4)
  An unseen horror (D:11)
  Pikel (D:7)
  A manticore (D:11)
  A black mamba (Lair:2)
  7 spiny frogs
  5 komodo dragons
  2 rime drakes
  4 trolls
  A polar bear (Lair:4)
  15 blink frogs
  The ghost of p0werm0de the Insei, an amateur OpGl (D:4)
  8 hippogriffs
  A meliai zombie (D:11)
  A vampire (D:11)
  2 hogs (Lair:6)
  6 wyverns
  27 yaks
  2 basilisks
  4 wargs (D:9)
  13 water moccasins
  4 sky beasts
  6 porcupines
  5 orc warriors
  A phantom (D:8)
  2 necrophages (D:9)
  4 ice beasts
  3 slaves (D:7)
  3 ogres
  11 crocodiles
  3 wolves (D:11)
  9 centaurs
  A big kobold (D:10)
  14 bullfrogs
  4 wights (D:7)
  3 electric eels (D:11)
  2 howler monkeys
  3 bullfrog zombies
  4 crimson imps
  A centaur zombie (D:8)
  7 hounds
  5 jellies
  Crazy Yiuf (D:7)
  A gnoll shaman (D:5)
  14 orc wizards
  3 bullfrog skeletons
  An iron imp (D:7)
  9 orc priests
  3 centaur skeletons
  3 iguanas
  6 worker ants
  Natasha (twice) (D:4)
  6 hell rats (Lair:5)
  A hound skeleton (D:4)
  A worker ant zombie (D:5)
  Robin (D:2)
  7 gnolls (D:5)
  13 adders
  3 shadow imps
  3 oozes
  An adder zombie (D:5)
  3 worms
  A dart slug (D:1)
  5 leopard geckos
  47 orcs
  9 bats
  6 giant cockroaches
  22 goblins
  10 hobgoblins
  6 jackals (D:2)
  4 quokkas
  3 ball pythons
  4 frilled lizards
  21 kobolds
  A leopard gecko zombie (D:5)
  A quokka zombie (D:8)
  10 rats
  A spectral orc (D:3)
  2 bushes (Lair:6)
  3 fungi
  3 plants
445 creatures vanquished.

Vanquished Creatures (others)
  An orc wizard (D:11)
  A quokka (D:7)
  A bush (Lair:6)
  2 fungi
  4 plants
9 creatures vanquished.

Grand Total: 454 creatures vanquished

Notes
Turn   | Place    | Note
-------+----------+-------------------------------------------
     0 | D:1      | RoseArtemis the Minotaur Fighter began the quest for the Orb.
     0 | D:1      | Reached XP level 1. HP: 19/19 MP: 0/0
   114 | D:1      | Reached skill level 3 in Axes
   114 | D:1      | Reached XP level 2. HP: 16/27 MP: 1/1
   487 | D:1      | Reached XP level 3. HP: 33/33 MP: 2/2
   934 | D:2      | Found a bloodstained altar of Trog.
   937 | D:2      | Became a worshipper of Trog the Wrathful
   979 | D:2      | Reached skill level 4 in Axes
   979 | D:2      | Reached XP level 4. HP: 36/41 MP: 3/3
  1169 | D:2      | Noticed Robin
  1178 | D:2      | Killed Robin
  1548 | D:2      | Reached XP level 5. HP: 47/47 MP: 4/4
  1679 | D:2      | Reached * piety under Trog
  1905 | D:3      | Reached skill level 5 in Axes
  1928 | D:3      | Found a basalt altar of Yredelemnul.
  2215 | D:3      | Found an ornate altar of the Wu Jian Council.
  2261 | D:3      | Reached skill level 5 in Armour
  2302 | D:3      | Reached skill level 5 in Fighting
  2543 | D:3      | Reached XP level 6. HP: 56/56 MP: 5/5
  2647 | D:3      | Reached ** piety under Trog
  2896 | D:4      | Noticed p0werm0de's ghost (amateur OpGl)
  2948 | D:4      | Reached skill level 6 in Axes
  2973 | D:4      | Killed p0werm0de's ghost
  2973 | D:4      | Reached XP level 7. HP: 62/62 MP: 6/6
  3075 | D:4      | Noticed Natasha
  3081 | D:4      | Killed Natasha
  3148 | D:4      | Reached skill level 7 in Axes
  3401 | D:4      | Found a deep blue altar of Sif Muna.
  3464 | D:4      | Noticed Natasha
  3479 | D:4      | Killed Natasha
  3567 | D:5      | Entered Level 5 of the Dungeon
  3719 | D:5      | Reached skill level 8 in Axes
  3834 | D:5      | Reached XP level 8. HP: 71/71 MP: 7/7
  3887 | D:5      | Reached skill level 9 in Axes
  4141 | D:5      | Reached *** piety under Trog
  4309 | D:5      | Found a staircase to the Ecumenical Temple.
  4323 | Temple   | Entered the Ecumenical Temple
  5068 | D:6      | Reached skill level 10 in Axes
  5068 | D:6      | Reached skill level 5 in Shields
  5089 | D:6      | Received a gift from Trog
  5129 | D:6      | Found a sacrificial altar of Ru.
  5182 | D:7      | Noticed Pikel
  5193 | D:7      | Killed Pikel
  5193 | D:7      | Reached XP level 9. HP: 70/81 MP: 8/8
  5384 | D:7      | Found an opulent altar of Gozag.
  5396 | D:7      | Reached skill level 11 in Axes
  5399 | D:7      | Found a sparkling altar of Nemelex Xobeh.
  5583 | D:7      | Found a runed door.
  5670 | D:7      | Found a snail-covered altar of Cheibriados.
  5746 | D:7      | Noticed Crazy Yiuf
  5752 | D:7      | Killed Crazy Yiuf
  5889 | D:8      | Got a faintly glowing crystal amulet
  5932 | D:8      | Found a hazy altar of Hepliaklqana.
  6232 | D:8      | Reached skill level 12 in Axes
  6470 | D:9      | Noticed a two-headed ogre
  6477 | D:9      | Killed a two-headed ogre
  6477 | D:9      | Reached XP level 10. HP: 54/93 MP: 9/9
  6558 | D:9      | Reached skill level 10 in Fighting
  6558 | D:9      | Reached skill level 13 in Axes
  6930 | D:9      | Found a staircase to the Orcish Mines.
  7033 | D:9      | Reached **** piety under Trog
  7198 | D:9      | Noticed a two-headed ogre
  7209 | D:9      | Killed a two-headed ogre
  7209 | D:9      | Reached skill level 14 in Axes
  7441 | D:9      | Identified the amulet of Apemedd {+Rage rC- MR+ Dex+2} (You found it on level 8 of the Dungeon)
  7901 | D:10     | Entered Level 10 of the Dungeon
  8240 | D:10     | Reached XP level 11. HP: 94/102 MP: 10/10
  8978 | D:11     | Reached skill level 15 in Axes
  8978 | D:11     | Reached skill level 1 in Evocations
  9030 | D:11     | Noticed a two-headed ogre
  9041 | D:11     | Killed a two-headed ogre
  9441 | D:11     | Found a staircase to the Lair.
  9569 | D:11     | Reached ***** piety under Trog
  9584 | D:11     | Killed an unseen horror
 10168 | D:11     | Noticed a two-headed ogre
 10173 | D:11     | Killed a two-headed ogre
 10424 | Lair:1   | Entered Level 1 of the Lair of Beasts
 10452 | Lair:1   | Reached skill level 16 in Axes
 10518 | Lair:1   | Received a gift from Trog
 10857 | Lair:1   | Reached XP level 12. HP: 113/113 MP: 14/14
 10881 | Lair:1   | Noticed a seven-headed hydra
 11450 | Lair:1   | Killed a seven-headed hydra
 11878 | Lair:1   | Found a stormy altar of Qazlal.
 12009 | Lair:2   | Found a staircase to the Shoals.
 12038 | Lair:2   | Reached skill level 5 in Evocations
 12583 | Lair:2   | Found a staircase to the Snake Pit.
 13290 | Lair:3   | Reached skill level 10 in Armour
 15429 | Lair:4   | Noticed Sonja
 15435 | Lair:4   | Killed Sonja
 15435 | Lair:4   | Reached skill level 1 in Maces & Flails
 15863 | Lair:5   | Reached XP level 13. HP: 113/124 MP: 17/17
 16337 | Lair:5   | Found a viscous altar of Jiyva.
 16338 | Lair:5   | Found a staircase to the Slime Pits.
 16879 | Lair:6   | Entered Level 6 of the Lair of Beasts
 16949 | Lair:6   | Noticed Kirke
 16980 | Lair:6   | Mangled by Kirke

Vault maps used:
D:1:      elethiomel_arrival_shortcut
D:2:      lemuel_doored_altar, kennysheep_generic_room_15, uniq_robin
D:3:      yredelemnul_forgotten_temple_becter, nicolae_overflow_crystal_walls,
          first_ration
D:4:      lemuel_crystal_altar, st_stairs_8, uniq_natasha
D:5:      minmay_temple_entry_glass
D:6:      nicolae_ru_the_path_less_chosen, hangedman_decor_lopped
D:7:      grunt_temple_overflow_opulence, chei_slow_surprise,
          uniq_crazy_yiuf_cottage, uniq_pikel
D:8:      basic_altar
D:9:      minmay_orc_entry_guard_dogs
D:11:     erik_lair_island
Temple:   regret_index_temple_generic_petals
Lair:1:   lemuel_altar_in_water2
Lair:2:   shoals_dummy_entry, dummy_snake_entry, serial_bayou_shore_a,
          lemuel_fruit_tree
Lair:3:   infiniplex_staircase_pool_2, grunt_megastairs_5
Lair:4:   minivault_25, uniq_sonja
Lair:5:   slime_altar_1, lemuel_old_faithful
Lair:6:   minmay_lair_end_frog_pond, serial_forest,
          infiniplex_forest_clump_curved, infiniplex_forest_clump_curved,
          infiniplex_forest_straight_3, infiniplex_forest_lined_2,
          infiniplex_forest_fountain, infiniplex_forest_lined_corner,
          infiniplex_forest_lined_2, infiniplex_forest_corner_1, uniq_kirke,
          uniq_snorg

Skill      XL: |  1  2  3  4  5  6  7  8  9 10 11 12 13 |
---------------+----------------------------------------+-----
Axes           | 3 4 5 6 8 10 12 14 16 | 16.0
Fighting       | 4 5 6 8 9 11 12 14 | 14.3
Armour         | 4 5 6 8 11 | 11.3
Shields        | 5 6 |  6.0
Evocations     | 4 7 |  7.4
Maces & Flails | 1 3 |  3.4

Action                   |  1- 3 |  4- 6 |  7- 9 | 10-12 | 13-15 || total
-------------------------+-------+-------+-------+-------+-------++-------
Melee: War axe           |    75 |   131 |   220 |   568 |    97 ||  1091
       Headbutt          |    12 |    20 |    43 |   119 |    26 ||   220
       Whip              |       |       |       |    17 |       ||    17
       Unarmed           |       |       |       |       |     3 ||     3
 Fire: Blowgun           |       |     7 |       |     5 |       ||    12
Throw: Tomahawk          |       |       |     6 |    35 |       ||    41
Invok: Berserk           |       |     1 |     4 |     2 |       ||     7
       Trog's Hand       |       |       |     3 |     3 |     1 ||     7
  Use: Scroll            |     2 |     3 |     5 |     4 |     9 ||    23
       Potion            |       |       |       |     1 |       ||     1
  Eat: Chunk             |       |     7 |    17 |    25 |     3 ||    52
       Ration            |       |       |       |     2 |       ||     2
Armor: Scale mail        |    24 |    50 |    22 |       |       ||    96
       Plate armour      |       |       |    44 |   251 |    20 ||   315
Dodge: Dodged            |    21 |    20 |    24 |    82 |    11 ||   158
Block: Shield            |    32 |    53 |    70 |   242 |    29 ||   426

Table legend:
 A = Spawn XP
 B = Non-spawn XP
 C = Spawn XP percentage of total XP
 D = Spawn monster count
 E = Non-spawn monster count
 F = Spawn count percentage of total count
 G = Total turns spent on level
                    A         B        C        D         E        F      G
               +---------+---------+-------+---------+---------+-------+---------
         Total |       0 |   43316 |   0.0 |       0 |     434 |   0.0 | 16980
               +---------+---------+-------+---------+---------+-------+---------
           D:1 |       0 |      49 |   0.0 |       0 |      28 |   0.0 |   728
           D:2 |       0 |     171 |   0.0 |       0 |      45 |   0.0 |  1130
           D:3 |       0 |     211 |   0.0 |       0 |      39 |   0.0 |  1056
           D:4 |       0 |     576 |   0.0 |       0 |      16 |   0.0 |   675
           D:5 |       0 |    1119 |   0.0 |       0 |      31 |   0.0 |  1043
           D:6 |       0 |     340 |   0.0 |       0 |      14 |   0.0 |   396
           D:7 |       0 |    1157 |   0.0 |       0 |       9 |   0.0 |   642
           D:8 |       0 |    1143 |   0.0 |       0 |      26 |   0.0 |   726
           D:9 |       0 |    4755 |   0.0 |       0 |      42 |   0.0 |  1439
          D:10 |       0 |    1716 |   0.0 |       0 |      17 |   0.0 |  1065
          D:11 |       0 |    7797 |   0.0 |       0 |      53 |   0.0 |  1805
        Lair:1 |       0 |    4379 |   0.0 |       0 |      19 |   0.0 |  1023
        Lair:2 |       0 |    5121 |   0.0 |       0 |      22 |   0.0 |  1164
        Lair:3 |       0 |    4721 |   0.0 |       0 |      25 |   0.0 |  1803
        Lair:4 |       0 |    3403 |   0.0 |       0 |      13 |   0.0 |   890
        Lair:5 |       0 |    4308 |   0.0 |       0 |      24 |   0.0 |  1090
        Lair:6 |       0 |    2350 |   0.0 |       0 |      11 |   0.0 |   101
               +---------+---------+-------+---------+---------+-------+---------
